cohdb
Replays
Latest Replays
All Replays
Popular Replays
Top Player Replays
Match Explorer
How It Works
Community
CoH3 Stats
Reddit
Sign in to upload your games and track your stats! →
Sign in with Steam
Match 41531279
Unlisted
Match 41531279
Overview
Messages
Build Orders
End
Selects Special Operations Battlegroup
Selects M29 Weasel Recon Vehicle
Construct Weapon Support Center
M29 Weasel Recon Vehicle
M1919 Machine Gun Team
Bazooka Squad
M1919 Machine Gun Team
Mechanized Support Center
M3 Armored Personnel Carrier
Engineer Squad
Selects Raiding Flares
Construct Medical Station
Engineer Squad
M3 Armored Personnel Carrier
Selects SSF Commando Squad
SSF Commando Squad
SSF Commando Squad
Designate Forward Repair Station
Construct Tank Depot
Raiding Flares
Selects Mark Vehicle
Selects UNKNOWN (2162291)
SSF Commando Squad
M4A1 Sherman Whizbang
Raiding Flares
BlackJackKing
Draken
jhc0928d
DrinkIIScotch
Drink||Karmeliet
Nashorn101
0
0
Comments
sign in to comment!
No comments posted yet!